 Dungeon Crawl Stone Soup version 0.28.0-53-g5a82cb258f (webtiles) character file.

Game seed: 17776266525792675276

232 mcbry74 the Conjurer (level 5, 0/28 HPs)
             Began as a Deep Elf Conjurer on July 4, 2022.
             Was an Initiate of Sif Muna.
             Slain by Edmund
             ... wielding a +1 flail of protection
              (6 damage)
             ... on level 4 of the Dungeon.
             The game lasted 00:20:46 (4454 turns).

mcbry74 the Conjurer (Deep Elf Conjurer)            Turns: 4454, Time: 00:20:46

Health: 0/28       AC:  5    Str:  4    XL:     5   Next: 73%
Magic:  8/11       EV: 16    Int: 25    God:    Sif Muna [......]
Gold:   114        SH:  0    Dex: 13    Spells: 4/10 levels left

rFire   . . .      SeeInvis .   p - +0 lajatang
rCold   . . .      Faith    .   (shield currently unavailable)
rNeg    . . .      Spirit   .   a - +0 robe
rPois   .          Reflect  .   n - +2 hat
rElec   .          Harm     .   (no cloak)
rCorr   .          Rampage  .   d - +0 pair of gloves
Will    .....                   (no boots)
Stlth   ++........              (no amulet)
HPRegen 0.09/turn               q - +4 ring of evasion
MPRegen 0.12/turn               (no ring)

@: no status effects
A: no striking features
a: Renounce Religion


You were on level 4 of the Dungeon.
You worshipped Sif Muna.
Sif Muna was noncommittal.
You visited 2 branches of the dungeon, and saw 5 of its levels.

You collected 114 gold pieces.

Inventory:

Hand Weapons
 f - a +0 dagger
 p - a +0 lajatang (weapon)
Missiles
 g - 13 poisoned darts (quivered)
Armour
 a - a +0 robe (worn)
 d - a +0 pair of gloves (worn)
 n - a +2 hat (worn)
Jewellery
 q - a +4 ring of evasion (left hand)
Wands
 k - a wand of polymorph (11)
Scrolls
 h - 2 scrolls of identify {unknown}
 l - 2 scrolls of teleportation {unknown}
Potions
 b - 2 potions of mutation {unknown}
 c - a potion of degeneration {unknown}
 e - a potion of invisibility {unknown}
 i - a potion of heal wounds {unknown}
 j - a potion of lignification {unknown}
 m - 2 potions of attraction {unknown}
 o - a potion of berserk rage {unknown}
 r - a potion of brilliance {unknown}
 s - a potion of curing {unknown}


   Skills:
 + Level 1.0 Staves
 - Level 2.4 Dodging
 - Level 2.4 Stealth
 - Level 3.0 Spellcasting
 * Level 7.1 Conjurations
 + Level 2.6 Hexes


You had 4 spell levels left.
You knew the following spells:

 Your Spells              Type           Power      Damage    Failure   Level
a - Magic Dart            Conj           100%       1d8       1%          1
b - Searing Ray           Conj           78%        2d7       1%          2
c - Dazzling Flash        Conj/Hex       56%        N/A       4%          3

Your spell library contained the following spells:

 Spells                   Type           Power      Damage    Failure   Level
 Ensorcelled Hibernation  Hex/Ice        20%        N/A       9%          2
 Fulminant Prism          Conj/Hex       14%        3d9       13%         4
 Iskenderun's Mystic Bla  Conj/Tloc      21%        2d6       22%         4
 Gell's Gravitas          Tloc           3%         N/A       30%         3
 Lesser Beckoning         Tloc           3%         N/A       30%         3
 Spider Form              Tmut/Pois      3%         N/A       30%         3
 Teleport Other           Tloc           3%         N/A       30%         3
 Anguish                  Hex/Necr       5%         N/A       50%         4


Dungeon Overview and Level Annotations

Branches:
Dungeon (4/15)             Temple (1/1) D:4

Altars:
Ashenzari
Cheibriados
Dithmenos
Elyvilon
Fedhas
Gozag
Hepliaklqana
Kikubaaqudgha
Nemelex Xobeh
Okawaru
Qazlal
Ru
Sif Muna
Trog
Uskayaw
Vehumet
Wu Jian
Xom
Yredelemnul
Zin
The Shining One

Shops:
D:3 (

Annotations:
D:4 1 runed translucent door, Crazy Yiuf, Edmund, Sigmund


Message History

Edmund says, "I'm quite good with sums, too."
Edmund barely misses you.
Edmund looks more healthy.
Casting: Magic Dart (safe; 1% risk of failure)
Confirm with . or Enter, or press ? or * to list all spells.
Aiming: Searing Ray (safe; 1% risk of failure)
Press: ? - help, Shift-Dir - straight line, f/p - Edmund
Aim: Edmund, wielding a +1 flail of protection and wearing a +0 chain mail (moderately wounded, 86% to hit)
The searing ray hits Edmund but does no damage.
Edmund is moderately wounded.
The searing ray hits something. (Press . to maintain the ray.) Sigmund appears from thin air!
Reactivating autopickup.
The searing ray hits Edmund!
Edmund is heavily wounded.
The searing ray hits Sigmund!
Sigmund is heavily wounded.
Edmund hits you with a +1 flail of protection!
Sigmund hits you but does no damage.
The searing ray hits Edmund.
Edmund is heavily wounded.
The searing ray hits Sigmund.
Sigmund is heavily wounded.
Edmund hits you with a +1 flail of protection.
The searing ray hits Edmund.
Edmund is severely wounded.
The searing ray hits Sigmund.
Sigmund is severely wounded.
You finish channelling your searing ray.
Sigmund hits you from afar with a +0 scythe!
* * * LOW HITPOINT WARNING * * *
Edmund barely misses you.
Sigmund says, "Look into my eyes."
Sigmund gestures wildly while chanting.
Sigmund flickers and vanishes!
Deactivating autopickup; reactivate with Ctrl-A.
There is an escape hatch in the ceiling here.
Edmund hits you with a +1 flail of protection.
You die...

#.#...#.###....@<...># #.
#.#..#.## #.##.###...# ###.
#.#..#.# #.##.# #...# #...
#.#..#.####.##.###...# #.##
#.#..................# #.#
#......####.##.###.#.# ##.##
###.............(..#.#####....
######.#.###.##....(###.##.......
.......#.### ##.@@(.# #.##.##.###
#######...## #.....###.##.##.#
#.....#.##......##..#.##.#
#.......####..#..........###
##.....#.# #.....##.#.......
##.#...##.####.#.#.##.#...####
####.#.#####........#.##.#...####
....###.# #.####................
##.## #.# #.............#.######


You could see Edmund.

Vanquished Creatures
  2 orc priests (D:3)
  Natasha (thrice) (D:4)
  An adder (D:2)
  2 worms
  2 dart slugs
  6 orcs (D:3)
  10 ball pythons
  4 bats
  7 endoplasms
  3 giant cockroaches
  8 goblins
  8 hobgoblins
  A kobold (D:1)
  5 quokkas
  10 rats
72 creatures vanquished.

Notes
Turn   | Place    | Note
-------+----------+-------------------------------------------
     0 | D:1      | mcbry74 the Deep Elf Conjurer began the quest for the Orb.
     0 | D:1      | Reached XP level 1. HP: 10/10 MP: 6/6
   182 | D:1      | Reached XP level 2. HP: 11/15 MP: 4/8
   270 | D:1      | Reached skill level 5 in Conjurations
   531 | D:1      | Found a faded altar of an unknown god.
   804 | D:1      | Reached XP level 3. HP: 19/19 MP: 3/9
  1480 | D:2      | Reached skill level 6 in Conjurations
  1848 | D:2      | Learned a level 2 spell: Searing Ray
  1852 | D:2      | Learned a level 3 spell: Dazzling Flash
  2305 | D:3      | Reached XP level 4. HP: 24/24 MP: 6/10
  2632 | D:3      | Found Liemposch's Weapon Shop.
  2773 | D:3      | Reached skill level 1 in Hexes
  2981 | D:3      | Reached XP level 5. HP: 14/28 MP: 2/11
  3442 | D:4      | Found a staircase to the Ecumenical Temple.
  3448 | Temple   | Entered the Ecumenical Temple
  3539 | Temple   | Became a worshipper of Sif Muna the Loreminder
  3666 | D:4      | Noticed Natasha
  3666 | D:4      | Noticed Sigmund
  3676 | D:4      | Killed Natasha
  3692 | D:4      | Noticed Edmund
  3733 | D:4      | Noticed Natasha
  3756 | D:4      | Killed Natasha
  3757 | D:4      | Reached skill level 7 in Conjurations
  4001 | D:4      | Noticed Natasha
  4012 | D:4      | Killed Natasha
  4013 | D:4      | Reached skill level 1 in Staves
  4292 | D:4      | Found a runed translucent door.
  4293 | D:4      | Noticed Crazy Yiuf
  4454 | D:4      | Slain by Edmund

Illustrated notes

Levels and vault maps discovered:
D:1:      shiori_shiawase, layout_basic, ebering_ecumenical_altar_abandoned,
          feat_on_display
D:2:      layout_loops_cross
D:3:      layout_basic, serial_shops, nicolae_shop_statue_plus,
          amcnicky_mini_rare_corridor_liquid, minmay_misc_feat_enclosed
D:4:      layout_loops_ring, minmay_temple_entry_purple_smoke,
          kennysheep_generic_room_7, uniq_crazy_yiuf_cottage, uniq_natasha,
          uniq_edmund, uniq_sigmund
Temple:   dpeg_three_leaves_temple

Skill      XL: |  1  2  3  4  5 |
---------------+----------------+-----
Conjurations   | 5 6 7 |  7.1
Hexes          | 1 2 |  2.6
Staves         | 1 |  1.0
Dodging        | |  2.4
Stealth        | |  2.4
Spellcasting   | |  3.0

Action                   |  1- 3 |  4- 6 || total
-------------------------+-------+-------++-------
Melee: Dagger            |     5 |     3 ||     8
       Lajatang          |       |     1 ||     1
Throw: Dart              |       |     5 ||     5
 Cast: Magic Dart        |    90 |    44 ||   134
       Searing Ray       |       |     8 ||     8
 Stab: Sleeping          |     2 |       ||     2
Armor: Robe              |       |     3 ||     3
Dodge: Dodged            |     4 |    10 ||    14
